 Dungeon Crawl Stone Soup version 0.29.0-15-g675c0067aa (webtiles) character file.

Game seed: 2482092482348660542

326 Xolotl the Ducker (level 7, -3/52 HPs)
             Began as a Meteoran Wanderer on Sept 12, 2022.
             Was a Believer of Zin.
             Slain by a black bear (10 damage)
             ... on level 5 of the Dungeon.
             The game lasted 00:12:27 (1758 turns).

Xolotl the Ducker (Meteoran Wanderer)               Turns: 1758, Time: 00:12:27

Health: -3/52      AC:  4    Str: 13    XL:     7   Next: 7%
Magic:  8/8        EV: 14    Int: 19    God:    Zin [**....]
Gold:   34         SH:  0    Dex: 17    Spells: 6/6 levels left

rFire   . . .      SeeInvis .     - Unarmed
rCold   . . .      Faith    +   (no shield)
rNeg    . . .      Spirit   .   f - +1 leather armour
rPois   .          Reflect  .   (no helmet)
rElec   .          Harm     .   (no cloak)
rCorr   .          Rampage  .   (no gloves)
Will    .....                   (no boots)
Stlth   +.........              o - amulet of faith
HPRegen 0.17/turn               m - +6 ring of intelligence
MPRegen 0.11/turn               (no ring)

@: glowing
A: sense surroundings 1, otherworldly, glowing, explore regen
a: Renounce Religion, Recite, Vitalisation, Donate Gold


You were on level 5 of the Dungeon.
You worshipped Zin.
Zin was pleased with you.
You visited 1 branch of the dungeon, and saw 5 of its levels.

You collected 171 gold pieces.
You spent 120 gold pieces at shops.
You donated 17 gold pieces to Zin.

Inventory:

Missiles
 l - 8 poisoned darts (quivered)
Armour
 f - a +1 leather armour (worn)
Magical Staves
 n - a staff of cold
Jewellery
 g - a ring of fire
 m - a +6 ring of intelligence (left hand)
 o - an amulet of faith (around neck)
Scrolls
 a - a scroll of identify
 d - a scroll of enchant weapon
 e - a scroll of silence
 r - a scroll of enchant armour
Potions
 b - 2 potions of might {unknown}
 c - 2 potions of heal wounds
 h - 3 potions of magic
 i - a potion of cancellation {unknown}
 j - 2 potions of flight {unknown}
 k - a potion of mutation
 p - 2 potions of degeneration {unknown}
 q - a potion of invisibility {unknown}


   Skills:
 - Level 1.1 Fighting
 - Level 2.1 Short Blades
 - Level 1.2 Armour
 + Level 5.9 Dodging
 - Level 2.1 Stealth
 + Level 5.2 Unarmed Combat
 - Level 1.2 Evocations


You had 6 spell levels left.
You didn't know any spells.
Your spell library contained the following spells:

 Spells                   Type           Power      Damage    Failure   Level
 Magic Dart               Conj           0%         1d3       26%         1
 Call Imp                 Summ           0%         N/A       36%         2
 Conjure Flame            Conj/Fire      0%         6-21      61%         3
 Ignite Poison            Fire/Tmut/Pois 0%         N/A       61%         3
 Inner Flame              Hex/Fire       0%         N/A       61%         3
 Mephitic Cloud           Conj/Pois/Air  0%         N/A       61%         3
 Cause Fear               Hex            0%         N/A       95%         4
 Sticky Flame             Conj/Fire      0%         2d3       95%         4
 Discord                  Hex            0%         N/A       100%        8


Dungeon Overview and Level Annotations

Branches:
Dungeon (5/15) Zot: 1258
 Temple: D:4-7

Altars:
Zin

Shops:
D:5 !

Annotations:
D:3 Pargi


Innate Abilities, Weirdness & Mutations

You passively map a small area around you.
You are easily found by Zot.
You glow in the dark.
You regain HP and MP as you explore.


Message History

You closely miss the black bear.
The black bear is heavily wounded.
The black bear looks more healthy.
The black bear bites you but does no damage.
The black bear closely misses you. The black bear claws you.
You hit the black bear.
The black bear is severely wounded.
The black bear barely misses you. x2; The black bear claws you.
You hit the black bear but do no damage.
The black bear is severely wounded.
The black bear bites you. The black bear claws you.
The black bear closely misses you.
You barely miss the black bear.
The black bear is severely wounded.
The black bear bites you. The black bear claws you.
The black bear closely misses you.
You hit the black bear.
The black bear is severely wounded.
The black bear bites you!
The black bear claws you but does no damage. x2
You closely miss the black bear.
The black bear is severely wounded.
The black bear goes berserk!
You hit the black bear but do no damage.
The black bear is severely wounded.
The black bear closely misses you. The black bear misses you.
The black bear claws you but does no damage.
You barely miss the black bear.
The black bear is severely wounded.
The black bear bites you but does no damage.
The black bear claws you. x2
* * * LOW HITPOINT WARNING * * *
You hit the black bear.
The black bear is almost dead.
The black bear misses you. The black bear claws you.
* * * LOW HITPOINT WARNING * * *
The black bear claws you.
* * * LOW HITPOINT WARNING * * *
The black bear bites you!
You die...

, , , ... , * , ..
,...# , * , . *#.*
...###
..###.####....# ,
.........#....#
.........#....#
.........#....#,
.....(h@.#....#
.####.##'#..).#, , +
* # #.......# , * ,
#.......#, , , , ,
#.......# #.......# ,
* , #####.......#+##*
,
##+###..###'##.......
,,
.............#.......


You could see a black bear (berserk).

Vanquished Creatures
  Sigmund (D:3)
  A scorpion (D:4)
  5 adders
  4 worms (D:2)
  A dart slug (D:4)
  2 orcs
  5 endoplasms
  5 giant cockroaches
  6 goblins
  7 hobgoblins
  7 ball pythons
  2 bats
  2 frilled lizards (D:1)
  4 kobolds
  2 rats (D:3)
54 creatures vanquished.

Notes
Turn   | Place    | Note
-------+----------+-------------------------------------------
     0 | D:1      | Xolotl the Meteoran Wanderer began the quest for the Orb.
     0 | D:1      | Xolotl set off with the following items: a +2 dagger, a
                  | potion of berserk rage, a +0 short sword, a scroll of fog,
                  | a scroll of silence, a +0 leather armour.
     0 | D:1      | Reached XP level 1. HP: 16/16 MP: 2/2
   105 | D:1      | Reached skill level 1 in Unarmed Combat
   105 | D:1      | Reached XP level 2. HP: 18/23 MP: 3/3
   312 | D:1      | Reached XP level 3. HP: 8/28 MP: 4/4
   459 | D:2      | Reached XP level 4. HP: 20/35 MP: 5/5
   877 | D:3      | Noticed Pargi
   878 | D:3      | Noticed Sigmund
  1032 | D:3      | Found a glowing silver altar of Zin.
  1060 | D:3      | Became a worshipper of Zin the Law-Giver
  1203 | D:3      | Reached * piety under Zin
  1294 | D:3      | Killed Sigmund
  1295 | D:3      | Reached skill level 5 in Dodging
  1295 | D:3      | Reached XP level 5. HP: 40/40 MP: 6/6
  1295 | D:3      | Reached XP level 6. HP: 47/47 MP: 7/7
  1508 | D:4      | Reached skill level 5 in Unarmed Combat
  1508 | D:4      | Reached XP level 7. HP: 25/52 MP: 8/8
  1644 | D:5      | Entered Level 5 of the Dungeon
  1650 | D:5      | Found Ruonn's Distillery.
  1654 | D:5      | Reached ** piety under Zin
  1666 | D:5      | Bought 2 potions of heal wounds for 120 gold pieces
  1758 | D:5      | Slain by a black bear

Illustrated notes

Levels and vault maps discovered:
D:1:      dpeg_arrival_rooms_with_view, layout_rooms
D:2:      layout_rooms, corexii_shack, minmay_misc_feat_five,
          chequers_serial_rivers_room_b
D:3:      layout_basic, zin_scriptorium, chequers_serial_rivers_marsh,
          uniq_pargi, uniq_sigmund
D:4:      layout_basic, nicolae_elyvilon_temple_path, kennysheep_dice,
          uniq_menkaure, uniq_duvessa
D:5:      layout_gridville, nicolae_uskayaw_dance_hall,
          minmay_temple_entry_crystal_x, serial_shops, shop, uniq_blork_the_orc

Skill      XL: |  1  2  3  4  5  6 |
---------------+-------------------+-----
Unarmed Combat | 1 2 4 5 |  5.2
Dodging        | 3 5 |  5.9
Fighting       | |  1.1
Short Blades   | |  2.1
Armour         | |  1.2
Stealth        | |  2.1
Evocations     | |  1.2

Action                   |  1- 3 |  4- 6 |  7- 9 || total
-------------------------+-------+-------+-------++-------
Melee: Dagger            |   110 |    69 |       ||   179
       Punch             |     1 |     7 |       ||     8
       Unarmed           |       |    59 |    15 ||    74
Throw: Dart              |       |     7 |     1 ||     8
  Use: Scroll            |     1 |     7 |       ||     8
       Potion            |       |     1 |       ||     1
 Stab: Sleeping          |     2 |       |       ||     2
Armor: Leather armour    |    28 |    22 |     8 ||    58
Dodge: Dodged            |    60 |    64 |    13 ||   137
